TOP OF THE 1ST |
Round Rock Express batting - Pitching for Scranton WB RailRiders : LHP Jay Turpin
|
Pitching: LHP Jay Turpin
|
|
Batting: RHB Bill Turnbull
|
0-0: Foul Ball, location: 2F 0-1: Swinging Strike 0-2: Ball 1-2: Strikes out swinging
|
Batting: LHB Zion Davidson
|
0-0: Called Strike 0-1: Called Strike 0-2: Strikes out swinging, 2-3 out at first.
|
Batting: LHB Josh Stuck
|
0-0: Foul Ball, location: 2F 0-1: Foul Ball, location: 2F 0-2: Ball 1-2: Ball 2-2: Ball 3-2: Fly out, F7 (Flyball, 78M, EV 87.5 MPH)
|
Top of the 1st over - 0 runs, 0 hits, 0 errors, 0 left on base; Round Rock 0 - Scranton WB 0 |
BOTTOM OF THE 1ST |
Scranton WB RailRiders batting - Pitching for Round Rock Express : RHP Luis Herrera
|
Pitching: RHP Luis Herrera
|
|
Batting: RHB Andy Wasierski
|
0-0: Fly out, F9 (Flyball, 9, EV 97.5 MPH)
|
Batting: LHB Aaron Joyner
|
0-0: Ball 1-0: Ball 2-0: Foul Ball, location: 2F 2-1: Foul Ball, location: 2F 2-2: Ground out 6-3 (Groundball, 4MS, EV 63.8 MPH)
|
Batting: SHB Mukhtar Wa'il
|
0-0: Ball 1-0: Ball 2-0: Foul Ball, location: 2F 2-1: Called Strike 2-2: Ball 3-2: Fly out, F7 (Flyball, 7LMF, EV 93.1 MPH)
|
Bottom of the 1st over - 0 runs, 0 hits, 0 errors, 0 left on base; Round Rock 0 - Scranton WB 0 |
TOP OF THE 2ND |
Round Rock Express batting - Pitching for Scranton WB RailRiders : LHP Jay Turpin
|
Batting: RHB Ivan Colon
|
0-0: Ball 1-0: Ball 2-0: Ball 3-0: Called Strike 3-1: Base on Balls
|
Batting: RHB Adryão Anto
|
0-0: Ball 1-0: Ball 2-0: Ball 3-0: Base on Balls Ivan Colon to second
|
Batting: RHB C.J. Sagle
|
0-0: SINGLE (Groundball, 6D, EV 108.8 MPH) Ivan Colon to third Adryão Anto to second
|
Batting: RHB Carlos Lopez
|
0-0: Ball 1-0: Foul Ball, location: 2F 1-1: Called Strike 1-2: Ball 2-2: Foul Ball, location: 2F 2-2: Foul Ball, location: 2F 2-2: Fielders Choice at 2nd, 6-4 (Groundball, 6S, EV 80.6 MPH) Ivan Colon scores Adryão Anto to third
|
Batting: RHB Martin Guerrero
|
0-0: Called Strike 0-1: Swinging Strike 0-2: Foul Ball, location: 2F 0-2: Ball 1-2: Ball 2-2: Fly out, F9 (Flyball, 9, EV 83.8 MPH) Runner from 3rd tags up, SCORES, throw by RF
|
Batting: RHB Luis Arce
|
0-0: Called Strike 0-1: Ball 1-1: Ball 2-1: Ball 3-1: Base on Balls Carlos Lopez to second
|
Batting: RHB Bill Turnbull
|
0-0: Called Strike 0-1: Foul Ball, location: 2F 0-2: Foul Ball, location: 2F 0-2: Fly out, F9 (Flyball, 9, EV 81.9 MPH)
|
Top of the 2nd over - 2 runs, 1 hit, 0 errors, 2 left on base; Round Rock 2 - Scranton WB 0 |
BOTTOM OF THE 2ND |
Scranton WB RailRiders batting - Pitching for Round Rock Express : RHP Luis Herrera
|
Batting: SHB Ryan Buchbinder
|
0-0: Called Strike 0-1: Ball 1-1: Ball 2-1: Foul Ball, location: 2F 2-2: SINGLE (Groundball, 6M, EV 103.8 MPH) (infield hit)
|
Batting: LHB Paul Diaz
|
0-0: Ball 1-0: Foul Ball, location: 2F 1-1: Swinging Strike 1-2: Ball 2-2: Strikes out swinging
|
Batting: RHB Alfredo Rodriguez
|
0-0: Called Strike 0-1: Ball 1-1: Foul Ball, location: 2F 1-2: Ball 2-2: Strikes out swinging
|
Batting: SHB Joe Fure
|
0-0: Ball 1-0: Ball 2-0: Ball 3-0: Called Strike 3-1: Fly out, F9 (Flyball, 9S, EV 85.6 MPH)
|
Bottom of the 2nd over - 0 runs, 1 hit, 0 errors, 1 left on base; Round Rock 2 - Scranton WB 0 |
TOP OF THE 3RD |
Round Rock Express batting - Pitching for Scranton WB RailRiders : LHP Jay Turpin
|
Batting: LHB Zion Davidson
|
0-0: Fly out, F7 (Flyball, 7, EV 83.1 MPH)
|
Batting: LHB Josh Stuck
|
0-0: Ball 1-0: Ball 2-0: Ball 3-0: Foul Ball, location: 2F 3-1: Base on Balls
|
Batting: RHB Ivan Colon
|
0-0: Foul Ball, location: 2F 0-1: Ball 1-1: Fly out, F9 (Flyball, 9, EV 86.9 MPH)
|
Batting: RHB Adryão Anto
|
0-0: Called Strike Josh Stuck steals 2nd base 0-1: Ball 1-1: Ball 2-1: Foul Ball, location: 2F 2-2: Ball 3-2: Ground out 6-3 (Groundball, 6, EV 100.6 MPH)
|
Top of the 3rd over - 0 runs, 0 hits, 0 errors, 1 left on base; Round Rock 2 - Scranton WB 0 |
BOTTOM OF THE 3RD |
Scranton WB RailRiders batting - Pitching for Round Rock Express : RHP Luis Herrera
|
Batting: RHB Josh Zoglmann
|
0-0: Ball 1-0: Foul Ball, location: 2F 1-1: Ground out 5-3 (Groundball, 5, EV 80.6 MPH)
|
Batting: RHB Mike Plugge
|
0-0: Called Strike 0-1: Ball 1-1: Ball 2-1: Swinging Strike 2-2: Ball 3-2: Strikes out looking
|
Batting: RHB Andy Wasierski
|
0-0: Ball 1-0: Swinging Strike 1-1: Ball 2-1: Ground out U3 (Groundball, 3, EV 86.2 MPH)
|
Bottom of the 3rd over - 0 runs, 0 hits, 0 errors, 0 left on base; Round Rock 2 - Scranton WB 0 |
TOP OF THE 4TH |
Round Rock Express batting - Pitching for Scranton WB RailRiders : LHP Jay Turpin
|
Batting: RHB C.J. Sagle
|
0-0: Called Strike 0-1: Swinging Strike 0-2: Ball 1-2: Ball 2-2: Foul Ball, location: 2F 2-2: Ground out 6-3 (Groundball, 6, EV 85.0 MPH)
|
Batting: RHB Carlos Lopez
|
0-0: Ground out 6-3 (Groundball, 6, EV 91.2 MPH)
|
Batting: RHB Martin Guerrero
|
0-0: Swinging Strike 0-1: Called Strike 0-2: Strikes out swinging
|
Top of the 4th over - 0 runs, 0 hits, 0 errors, 0 left on base; Round Rock 2 - Scranton WB 0 |
BOTTOM OF THE 4TH |
Scranton WB RailRiders batting - Pitching for Round Rock Express : RHP Luis Herrera
|
Batting: LHB Aaron Joyner
|
0-0: Ground out 6-3 (Groundball, 6, EV 82.5 MPH)
|
Batting: SHB Mukhtar Wa'il
|
0-0: Swinging Strike 0-1: Ball 1-1: Foul Ball, location: 2F 1-2: Ball 2-2: Ball 3-2: Strikes out looking
|
Batting: SHB Ryan Buchbinder
|
0-0: Called Strike 0-1: Ball 1-1: Swinging Strike 1-2: Ball 2-2: Foul Ball, location: 2F 2-2: SINGLE (Line Drive, 6MD, EV 93.8 MPH)
|
Batting: LHB Paul Diaz
|
0-0: Ball 1-0: Ball 2-0: Foul Ball, location: 2F 2-1: Foul Ball, location: 2F 2-2: Ball 3-2: Strikes out swinging
|
Bottom of the 4th over - 0 runs, 1 hit, 0 errors, 1 left on base; Round Rock 2 - Scranton WB 0 |
TOP OF THE 5TH |
Round Rock Express batting - Pitching for Scranton WB RailRiders : LHP Jay Turpin
|
Batting: RHB Luis Arce
|
0-0: Foul Ball, location: 2F 0-1: Ball 1-1: Ball 2-1: Ball 3-1: Fly out, F7 (Line Drive, 7LM, EV 100.0 MPH)
|
Batting: RHB Bill Turnbull
|
0-0: Ball 1-0: Foul Ball, location: 2F 1-1: Ball 2-1: Ball 3-1: SINGLE (Groundball, 56D, EV 95.6 MPH)
|
Batting: LHB Zion Davidson
|
0-0: Ball 1-0: 2-RUN HOME RUN (Flyball, 89XD, EV 106.2 MPH), Distance : 407 ft
|
Batting: LHB Josh Stuck
|
0-0: Fly out, F8 (Flyball, 78M, EV 83.1 MPH)
|
Batting: RHB Ivan Colon
|
0-0: Foul Ball, location: 2F 0-1: Ball 1-1: Called Strike 1-2: Strikes out swinging
|
Top of the 5th over - 2 runs, 2 hits, 0 errors, 0 left on base; Round Rock 4 - Scranton WB 0 |
BOTTOM OF THE 5TH |
Scranton WB RailRiders batting - Pitching for Round Rock Express : RHP Luis Herrera
|
Batting: RHB Alfredo Rodriguez
|
0-0: Fly out, F2 (Popup, 23F, EV 82.5 MPH)
|
Batting: SHB Joe Fure
|
0-0: Called Strike 0-1: Ball 1-1: Ball 2-1: Foul Ball, location: 2F 2-2: Strikes out swinging
|
Batting: RHB Josh Zoglmann
|
0-0: Called Strike 0-1: Foul Ball, location: 2F 0-2: Strikes out looking
|
Bottom of the 5th over - 0 runs, 0 hits, 0 errors, 0 left on base; Round Rock 4 - Scranton WB 0 |
TOP OF THE 6TH |
Round Rock Express batting - Pitching for Scranton WB RailRiders : LHP Jay Turpin
|
Pitching: RHP Johnny Marquez
|
|
Batting: RHB Adryão Anto
|
0-0: Ball 1-0: SINGLE (Groundball, 3S, EV 68.8 MPH) (infield hit)
|
Batting: RHB C.J. Sagle
|
0-0: Ball 1-0: Ball 2-0: Called Strike 2-1: Ball 3-1: Swinging Strike 3-2: Foul Ball, location: 2F 3-2: Foul Ball, location: 2F 3-2: Strikes out looking
|
Batting: RHB Carlos Lopez
|
0-0: Ball 1-0: Foul Ball, location: 2F 1-1: Fly out, F8 (Flyball, 8RM, EV 90.6 MPH)
|
Batting: RHB Martin Guerrero
|
0-0: Foul Ball, location: 2F 0-1: Foul Ball, location: 2F 0-2: SINGLE (Groundball, 56D, EV 107.5 MPH) Adryão Anto to second Runner from 2nd tries for 3rd, OUT! 7-5
|
Top of the 6th over - 0 runs, 2 hits, 0 errors, 1 left on base; Round Rock 4 - Scranton WB 0 |
BOTTOM OF THE 6TH |
Scranton WB RailRiders batting - Pitching for Round Rock Express : RHP Luis Herrera
|
Batting: RHB Mike Plugge
|
0-0: Ball 1-0: Called Strike 1-1: Foul Ball, location: 2F 1-2: Ground out 4-3 (Groundball, 4, EV 103.8 MPH)
|
Batting: RHB Andy Wasierski
|
0-0: Foul Ball, location: 2F 0-1: Ball 1-1: Ground out 4-3 (Groundball, 4, EV 106.2 MPH)
|
Batting: LHB Aaron Joyner
|
0-0: Called Strike 0-1: SINGLE (Groundball, 4MS, EV 73.1 MPH) (infield hit)
|
Batting: SHB Mukhtar Wa'il
|
0-0: Called Strike Aaron Joyner steals 2nd, throwing error, E2 Aaron Joyner to third 0-1: Ball 1-1: Ball 2-1: Ball 3-1: Swinging Strike 3-2: 2-RUN HOME RUN (Flyball, 9D, EV 97.5 MPH), Distance : 379 ft
|
Batting: SHB Ryan Buchbinder
|
0-0: Ball 1-0: Ball 2-0: Ball 3-0: Called Strike 3-1: Foul Ball, location: 2F 3-2: Strikes out swinging
|
Bottom of the 6th over - 2 runs, 2 hits, 1 error, 0 left on base; Round Rock 4 - Scranton WB 2 |
TOP OF THE 7TH |
Round Rock Express batting - Pitching for Scranton WB RailRiders : RHP Johnny Marquez
|
Batting: RHB Luis Arce
|
0-0: Called Strike 0-1: Ball 1-1: Called Strike 1-2: Ball 2-2: Ball 3-2: Fly out, F9 (Line Drive, 9, EV 85.6 MPH)
|
Batting: RHB Bill Turnbull
|
0-0: Ball 1-0: Ball 2-0: Ball 3-0: Base on Balls
|
Batting: LHB Zion Davidson
|
0-0: Called Strike 0-1: Fly out, F7 (Flyball, 78M, EV 86.9 MPH)
|
Batting: LHB Josh Stuck
|
0-0: Swinging Strike 0-1: Ball 1-1: Fly out, F7 (Flyball, 7, EV 88.1 MPH)
|
Top of the 7th over - 0 runs, 0 hits, 0 errors, 1 left on base; Round Rock 4 - Scranton WB 2 |
BOTTOM OF THE 7TH |
Scranton WB RailRiders batting - Pitching for Round Rock Express : RHP Luis Herrera
|
Batting: LHB Paul Diaz
|
0-0: Ball 1-0: Ball 2-0: Foul Ball, location: 2F 2-1: Fly out, F8 (Flyball, 8LM, EV 80.0 MPH)
|
Batting: RHB Alfredo Rodriguez
|
0-0: Ground out 6-3 (Groundball, 6, EV 87.5 MPH)
|
Batting: SHB Joe Fure
|
0-0: Ball 1-0: SINGLE (Groundball, 56S, EV 76.2 MPH) (infield hit)
|
Pitching: RHP Mike Webb
|
|
Batting: RHB Josh Zoglmann
|
0-0: SINGLE (Line Drive, 78S, EV 88.8 MPH) Joe Fure to second
|
Batting: RHB Mike Plugge
|
0-0: SINGLE (Line Drive, 7S, EV 93.1 MPH) Joe Fure to third Josh Zoglmann to second
|
Batting: RHB Andy Wasierski
|
0-0: Fly out, F9 (Flyball, 9, EV 89.4 MPH)
|
Bottom of the 7th over - 0 runs, 3 hits, 0 errors, 3 left on base; Round Rock 4 - Scranton WB 2 |
TOP OF THE 8TH |
Round Rock Express batting - Pitching for Scranton WB RailRiders : RHP Johnny Marquez
|
Pitching: RHP Ricky Mercer
|
|
Batting: RHB Ivan Colon
|
0-0: Ball 1-0: Called Strike 1-1: Swinging Strike 1-2: Foul Ball, location: 2F 1-2: Strikes out swinging
|
Batting: RHB Adryão Anto
|
0-0: Foul Ball, location: 2F 0-1: Ball 1-1: Called Strike 1-2: Foul Ball, location: 2F 1-2: Ball 2-2: Ball 3-2: Strikes out swinging
|
Batting: RHB C.J. Sagle
|
0-0: Ball 1-0: Foul Ball, location: 2F 1-1: Called Strike 1-2: DOUBLE (Line Drive, 8LXD, EV 107.5 MPH)
|
Batting: RHB Carlos Lopez
|
0-0: Swinging Strike 0-1: Called Strike 0-2: Strikes out swinging
|
Top of the 8th over - 0 runs, 1 hit, 0 errors, 1 left on base; Round Rock 4 - Scranton WB 2 |
BOTTOM OF THE 8TH |
Scranton WB RailRiders batting - Pitching for Round Rock Express : RHP Mike Webb
|
Batting: LHB Aaron Joyner
|
0-0: Called Strike 0-1: Ball 1-1: Ground out 6-3 (Groundball, 6, EV 110.0 MPH)
|
Batting: SHB Mukhtar Wa'il
|
0-0: Ball 1-0: Called Strike 1-1: Ground out 4-3 (Groundball, 4, EV 103.8 MPH)
|
Batting: SHB Ryan Buchbinder
|
0-0: Ground out 4-3 (Groundball, 4S, EV 65.6 MPH)
|
Bottom of the 8th over - 0 runs, 0 hits, 0 errors, 0 left on base; Round Rock 4 - Scranton WB 2 |
TOP OF THE 9TH |
Round Rock Express batting - Pitching for Scranton WB RailRiders : RHP Ricky Mercer
|
Pitching: RHP Soh Kawashima
|
|
Pinch Hitting: LHB Jody Hudson
|
0-0: Ball 1-0: SINGLE (Groundball, P, EV 75.6 MPH) (infield hit)
|
Batting: RHB Luis Arce
|
0-0: Ball 1-0: Ball 2-0: Ball 3-0: Called Strike 3-1: Base on Balls Jody Hudson to second
|
Batting: RHB Bill Turnbull
|
0-0: Bunted foul 0-1: Ball 1-1: Bunt missed! 1-2: Fielders Choice at 2nd, 5-4 (Groundball, 56, EV 78.1 MPH) Jody Hudson to third
|
Pitching: LHP Ramon Escobedo
|
|
Batting: LHB Zion Davidson
|
0-0: Swinging Strike 0-1: Foul Ball, location: 2F 0-2: Strikes out looking Bill Turnbull steals 2nd base (no throw) Batter strikes out.
|
Batting: LHB Josh Stuck
|
0-0: Ball 1-0: Called Strike 1-1: SINGLE (Groundball, 4D, EV 101.9 MPH) Jody Hudson scores Bill Turnbull to third Runner from 3rd tries for Home, throw by CF and OUT! 8-2
|
Top of the 9th over - 1 run, 2 hits, 0 errors, 1 left on base; Round Rock 5 - Scranton WB 2 |
BOTTOM OF THE 9TH |
Scranton WB RailRiders batting - Pitching for Round Rock Express : RHP Mike Webb
|
Pitching: RHP Steve Grier
|
|
Now in CF: Adryão Anto
|
|
Now in RF: Ron Corn
|
|
Batting: LHB Paul Diaz
|
0-0: Ball 1-0: Foul Ball, location: 2F 1-1: Swinging Strike 1-2: Strikes out swinging
|
Batting: RHB Alfredo Rodriguez
|
0-0: Ball 1-0: Ball 2-0: Swinging Strike 2-1: Ball 3-1: Called Strike 3-2: Strikes out swinging
|
Batting: SHB Joe Fure
|
0-0: Ball 1-0: Foul Ball, location: 2F 1-1: Fly out, F7 (Flyball, 78S, EV 90.6 MPH)
|
Bottom of the 9th over - 0 runs, 0 hits, 0 errors, 0 left on base; Round Rock 5 - Scranton WB 2 |
|